Map: Abyssal Reef LE

Players

ELEcom - Winner!

  • Race: Zerg Zerg
  • League: Diamond
  • Spawn Location: 11:00

Trizztein

  • Race: Terran Terran
  • League: Diamond
  • Spawn Location: 5:00

VOD

Have the link to the VOD?

Description

Time

  • Played on: June 17, 2017, 8:03 p.m.
  • Length: 18:33
Show
View Real Time Build Order
Export as new Build Order

ELEcom Zerg - Winner!

Build Orders: Hatch First, Muta Ling Bane 

Get SALT Encoding   

  12  0:01  Drone  
  13  0:09  Drone  
  14  0:16  Overlord  
  14  0:26  Extractor  
  14  0:27  Extractor, Drone  
  13  0:29  Drone  
  13  0:35  Drone  
  17  0:44  Drone  
  18  0:56  Hatchery  
  17  1:00  Drone  
  17  1:03  Extractor  
  17  1:14  Spawning Pool  
  17  1:17  Drone  
  17  1:23  Drone  
  18  1:27  Drone  
  19  1:45  Overlord  
  19  2:00  Queen  
  21  2:01  Zergling x2  
  21  2:03  Zergling x2  
  21  2:06  Metabolic Boost  
  23  2:10  Queen  
  23  2:11  Drone  
  26  2:17  Drone  
  26  2:20  Drone x2  
  29  2:37  Drone x2  
  29  2:38  Queen  
  33  2:46  Queen  
  33  2:47  Overlord  
  35  3:04  Drone  
  36  3:37  Drone x6  
  36  3:38  Drone x2  
  36  3:39  Overlord  
  44  3:46  Hatchery  
  43  4:01  Lair  
  43  4:03  Extractor  
  43  4:05  Extractor  
  43  4:06  Drone x2  
  43  4:09  Drone x3  
  46  4:10  Drone x3  
  49  4:17  Baneling Nest  
  49  4:20  Drone x4  
  49  4:21  Overlord  
  52  4:28  Overlord  
  52  4:47  Overlord x2  
  52  4:49  Zergling x10  
  57  5:03  Drone x4  
  57  5:04  Zergling x4  
  57  5:05  Zergling x2  
  57  5:06  Centrifical Hooks  
  64  5:09  Baneling x6  
  64  5:14  Drone x2  
  66  5:16  Extractor  
  66  5:17  Drone x2  
  67  5:24  Drone x2  
  67  5:25  Hatchery  
  68  5:32  Drone  
  68  5:34  Evolution Chamber, Drone x2  
  68  5:35  Evolution Chamber, Drone x4  
  73  5:36  Overlord x2  
  73  5:40  Baneling x2  
  73  5:42  Overseer  
  68  5:59  Drone x3  
  71  6:07  Zergling x16  
  71  6:08  Zergling x4  
  80  6:21  Overlord  
  80  6:22  Overlord  
  80  6:23  Zerg Melee Weapons Level 1  
  80  6:24  Zerg Ground Armor Level 1  
  65  7:01  Drone x4  
  65  7:02  Drone x2  
  65  7:03  Overlord x2  
  65  7:05  Extractor  
  65  7:06  Extractor  
  67  7:13  Spire  
  67  7:15  Infestation Pit  
  65  7:17  Drone x3  
  65  7:18  Drone  
  69  7:33  Drone x4  
  69  7:34  Overlord x2  
  69  7:36  Zergling x4  
  69  7:37  Zergling x16  
  81  8:06  Overlord  
  81  8:07  Spore Crawler  
  81  8:12  Hive  
  80  8:15  Baneling x2  
  80  8:16  Baneling x4  
  80  8:27  Zerg Melee Weapons Level 2  
  80  8:28  Zerg Ground Armor Level 2  
  80  8:30  Zerg Flyer Weapons Level 1, Mutalisk x4  
  80  8:31  Mutalisk x4  
  96  8:44  Drone  
  97  8:49  Hatchery  
  97  8:50  Zergling x34, Extractor  
  97  8:51  Zergling x6, Extractor  
  97  8:55  Pneumatized Carapace  
  114  9:02  Baneling x7  
  114  9:03  Baneling x2  
  114  9:04  Baneling  
  114  9:05  Zergling x4  
  114  9:06  Zergling x16  
  87  9:59  Adrenal Glands  
  87  10:01  Ultralisk Cavern  
  87  10:03  Mutalisk x5  
  96  10:11  Drone  
  96  10:12  Drone x3  
  96  10:13  Drone x3  
  96  10:14  Drone x2  
  101  10:21  Zergling x2  
  101  10:22  Zergling x8  
  101  10:25  Baneling x3  
  101  10:26  Baneling  
  100  10:58  Ultralisk  
  100  10:59  Ultralisk x5  
  136  11:05  Chitinous Plating  
  136  11:08  Zergling x2  
  136  11:09  Zergling x10  
  129  11:23  Baneling  
  129  11:24  Ultralisk  
  129  11:25  Zergling x10  
  102  12:08  Ultralisk x2  
  114  12:16  Zergling x4  
  114  12:17  Zergling x10  
  114  12:19  Mutalisk x2  
  114  12:20  Mutalisk x2  
  129  12:35  Baneling  
  129  12:36  Baneling x3  
  129  12:38  Baneling x4  
  129  12:41  Baneling x2  
  129  12:42  Mutalisk x2, Baneling x3  
  129  12:43  Mutalisk x2  
  137  13:19  Baneling  
  137  13:21  Ultralisk x3  
  137  13:22  Zergling x4  
  131  14:01  Drone x5  
  131  14:02  Drone  
  135  14:18  Drone x4  
  139  14:29  Hatchery  
  138  14:41  Corruptor x4  
  138  14:42  Corruptor  
  154  14:45  Ultralisk  
  154  14:46  Zergling x8  
  152  14:59  Overseer  
  136  15:04  Overlord x2  
  98  15:39  Mutalisk x5  
  98  15:40  Mutalisk x7  
  98  15:41  Mutalisk x3  
  128  15:47  Zergling x20  
  128  15:48  Zergling x6  
  96  16:28  Zergling x2, Ultralisk x3  
  96  16:29  Zergling x18  
  116  17:12  Baneling x4  
  116  17:13  Baneling x3  
  112  17:31  Overseer x2  
  112  17:39  Drone x4  
  112  17:41  Mutalisk x2  
  120  17:45  Ultralisk  
  120  17:46  Zergling x10  
  120  17:47  Zergling x8  
  120  17:49  Baneling x4  
  120  17:51  Zergling x18  
Show
View Real Time Build Order
Export as new Build Order

Trizztein Terran 

Build Orders: Reaper Expand, MMM Bio 

Get SALT Encoding   

  12  0:00  SCV  
  13  0:13  SCV  
  14  0:17  Supply Depot  
  14  0:25  SCV  
  15  0:38  SCV  
  15  0:40  Barracks  
  16  0:45  Refinery  
  16  0:51  SCV  
  17  1:03  SCV  
  18  1:15  SCV  
  19  1:27  Orbital Command  
  19  1:29  Reaper  
  20  1:47  Command Center  
  20  1:54  SCV  
  21  2:02  Barracks  
  21  2:06  Barracks Reactor  
  21  2:08  SCV  
  22  2:13  Refinery  
  22  2:19  Supply Depot  
  22  2:22  SCV  
  23  2:40  SCV  
  23  2:44  Factory  
  24  2:48  Marine x2  
  26  2:55  SCV  
  26  2:57  Barracks Tech Lab  
  27  3:00  Orbital Command  
  27  3:07  Marine x2, SCV  
  30  3:17  Stimpack  
  30  3:18  Marine  
  30  3:19  SCV  
  32  3:25  SCV  
  33  3:31  SCV  
  33  3:33  Factory Reactor, Starport  
  33  3:35  Marine  
  33  3:39  Marine x2  
  36  3:42  SCV  
  36  3:43  SCV  
  38  3:51  Supply Depot  
  38  3:53  Marine  
  38  3:54  SCV  
  40  3:56  Marine  
  40  3:57  Marine  
  40  4:00  SCV  
  40  4:01  Supply Depot  
  43  4:06  SCV  
  44  4:12  Marine, SCV  
  44  4:14  Marine  
  47  4:18  Marine, SCV  
  49  4:24  SCV  
  49  4:30  Marine, SCV  
  52  4:32  Marine, Medivac x2, Widow Mine  
  52  4:33  Supply Depot  
  52  4:36  Marine, SCV  
  61  4:42  SCV  
  61  4:44  Supply Depot  
  62  4:55  SCV  
  63  5:00  Engineering Bay  
  63  5:03  Engineering Bay, Refinery, Supply Depot, SCV  
  64  5:09  Medivac  
  64  5:11  Factory Reactor  
  66  5:14  SCV  
  66  5:16  SCV  
  66  5:18  Marine  
  66  5:19  Marine x2  
  71  5:24  Combat Shields  
  71  5:26  SCV  
  72  5:29  SCV  
  72  5:33  Command Center  
  73  5:36  Marine x3, Supply Depot  
  73  5:38  SCV  
  77  5:46  Terran Infantry Weapons Level 1, Terran Infantry Armor Level 1  
  72  5:57  Marine x3  
  72  5:58  SCV  
  72  5:59  SCV  
  72  6:01  Starport Reactor, Supply Depot x2  
  77  6:05  Factory Reactor  
  77  6:10  SCV  
  77  6:11  SCV  
  79  6:22  SCV  
  79  6:23  SCV  
  79  6:24  Barracks  
  81  6:26  Armory, Barracks x2  
  81  6:29  Marine x3  
  84  6:43  Concussive Shells  
  84  6:47  Marine x3  
  85  6:57  Widow Mine x2  
  85  6:58  Orbital Command  
  86  7:02  Refinery  
  86  7:04  Marine x2, Supply Depot  
  86  7:05  Marine, Supply Depot  
  89  7:13  Marine x5  
  89  7:15  Medivac x2  
  98  7:22  Marine x2  
  98  7:23  Orbital Command, SCV  
  98  7:25  Widow Mine  
  98  7:26  Widow Mine  
  98  7:27  Supply Depot  
  105  7:34  Supply Depot  
  105  7:35  SCV  
  105  7:37  Reaper  
  107  7:41  SCV  
  108  7:45  Medivac x2  
  108  7:46  Marine  
  108  7:47  Marine x3, SCV  
  117  7:51  Terran Infantry Weapons Level 2  
  117  7:53  Marine  
  117  7:54  Widow Mine x2  
  122  7:59  Supply Depot  
  122  8:01  SCV  
  122  8:03  SCV x2  
  122  8:05  Barracks Tech Lab  
  125  8:07  Marauder  
  127  8:13  SCV  
  127  8:15  SCV x2  
  127  8:16  Marine x2, Bunker  
  127  8:17  Marine  
  133  8:23  Widow Mine x2  
  133  8:25  SCV  
  138  8:27  Marine, SCV x2  
  138  8:28  Marine x3, Marauder  
  146  8:38  Marine x3  
  149  8:43  Supply Depot  
  149  8:45  Marine  
  149  8:48  Marine x2  
  150  8:49  Terran Infantry Armor Level 2, Barracks  
  150  8:51  Marine x2, Barracks  
  154  9:00  Marine x3  
  154  9:02  Medivac x2, Widow Mine x2  
  161  9:05  Marine  
  166  9:11  Marine x4  
  169  9:26  Marine x4  
  169  9:29  Marauder  
  169  9:30  Marine x3  
  158  9:44  Marine x4  
  149  9:48  Marine x5  
  149  9:50  Marine  
  151  9:54  Widow Mine x2  
  151  9:55  SCV  
  156  10:02  Marine x4  
  156  10:06  Marine x4, Marauder  
  166  10:08  Marauder  
  166  10:09  Supply Depot  
  166  10:10  Supply Depot x2  
  166  10:11  Supply Depot  
  168  10:20  Marine x4  
  171  10:23  Marine  
  172  10:30  Marauder x2  
  172  10:31  Widow Mine x2  
  174  10:39  Marine x2  
  174  10:40  Marine x5  
  174  10:41  Marine  
  174  10:42  Medivac  
  182  10:51  Marine  
  182  10:52  Marauder  
  180  10:57  Marine x4  
  180  10:58  Marine x3  
  180  10:59  Marine, Medivac  
  180  11:00  Widow Mine x2  
  180  11:04  SCV  
  193  11:09  Marine  
  192  11:13  Marine  
  192  11:15  Marine x6  
  192  11:16  Marine, SCV  
  192  11:17  Marine  
  195  11:27  Marine  
  195  11:30  Marine  
  191  11:33  Marine x3  
  191  11:38  Marine x5  
  197  11:45  Marine  
  156  12:05  Starport  
  156  12:06  Starport x2  
  153  12:11  Barracks Tech Lab, Marauder x2  
  157  12:21  Marine x6  
  163  12:23  Marine, Terran Infantry Weapons Level 3  
  163  12:25  Command Center  
  164  12:32  Marauder  
  166  12:39  Factory  
  166  12:46  Supply Depot  
  166  12:48  Supply Depot  
  166  12:49  Supply Depot  
  166  12:50  Liberator x2, Bunker  
  166  12:51  Liberator, Refinery  
  166  12:52  Refinery  
  166  12:53  Liberator  
  170  13:05  Marauder  
  170  13:06  Marauder  
  178  13:28  Liberator  
  146  13:38  Marine x3  
  127  13:43  Marine x5  
  130  14:03  Command Center  
  130  14:04  Command Center  
  130  14:09  Liberator x4  
  130  14:11  Liberator  
  130  14:12  Marine x4  
  130  14:17  Factory Tech Lab  
  143  14:44  Marine  
  144  14:52  Liberator x3  
  144  15:01  Marine x2  
  133  15:23  Marine x4  
  133  15:24  Marine x3  
  136  15:35  Marine x3  
  127  15:40  Marine  
  127  15:41  Marine  
  128  15:44  Marine  
  128  15:45  Marine  
  130  15:55  Marine x3  
  130  16:03  Marine x2  
  109  16:23  Planetary Fortress  
  109  16:24  Marine x3  
  101  16:33  Planetary Fortress  
  101  16:37  Liberator x3  
  96  16:42  SCV  
  96  16:53  Liberator  
  87  16:57  Missile Turret  
  87  16:58  Missile Turret  
  87  17:00  Missile Turret  
  89  17:02  Marine x6  
  89  17:03  Marine  
  96  17:08  Missile Turret  
  96  17:11  SCV  
  100  17:20  Missile Turret  
  100  17:21  Missile Turret  
  98  17:26  SCV x3  
  98  17:28  Liberator  
  99  17:38  SCV  
  100  17:45  Refinery, Command Center  
  100  17:46  Marine, Refinery  
  107  18:03  Missile Turret  
  110  18:06  Missile Turret  
  110  18:10  SCV x2  
Tags
 
Add a new tag
Caveats
  • Supply blocks, unpowered buildings, or Contaminate may cause inaccurate times.
  • Supply counts are checked every 10 seconds.